 Dungeon Crawl Stone Soup version 0.31.0-11-ge490571c62 (webtiles) character file.

Game seed: 1993508327136022894

88 qw the Shooter (level 4, -3/22 HPs)
             Began as a Spriggan Hunter on Feb 3, 2024.
             Slain by a cerulean imp
             ... wielding a +0 spear
             ... summoned by Natasha
              (4 damage)
             ... on level 2 of the Dungeon.
             The game lasted 00:00:03 (814 turns).

qw the Shooter (Spriggan Hunter)                     Turns: 814, Time: 00:00:04

Health: -3/22      AC:  2    Str:  7    XL:     4   Next: 29%
Magic:  5/5        EV: 20    Int: 10    God:
Gold:   101        SH:  0    Dex: 20    Spells: 3/3 levels left

rFire   . . .        a - +0 shortbow
rCold   . . .        (shield currently unavailable)
rNeg    . . .        c - +0 robe
rPois   .            (helmet restricted)
rElec   .            (no cloak)
rCorr   .            (gloves unavailable)
SInv    +            (boots unavailable)
Will    .....        (no amulet)
Stlth   ++           (no ring)
HPRegen 0.23/turn    (no ring)
MPRegen 0.09/turn

%: no passive effects
@: very quick
A: very small, no large weapons, unfitting armour, see invisible, speed 3
a: no special abilities


You were on level 2 of the Dungeon.
You visited 1 branch of the dungeon, and saw 2 of its levels.

You collected 101 gold pieces.


Innate Abilities, Weirdness & Mutations

You are very small and have problems with some larger weapons.
You are too small for most types of armour.
You have supernaturally acute eyesight. (SInv)
You cover ground extremely quickly. (Speed+++)


   Skills:
 - Level 1.5 Fighting
 - Level 5.0 Ranged Weapons
 + Level 4.6 Dodging
 - Level 1.5 Stealth


You had 3 spell levels left.
You didn't know any spells.
Your spell library was empty.

Inventory:

Hand Weapons
 a - a +0 shortbow (weapon)
Armour
 c - a +0 robe (worn)
Scrolls
 b - a scroll of fear {unknown}
 d - a scroll of enchant weapon {unknown}
 e - 2 scrolls of revelation {unknown}
Potions
 f - a potion of brilliance {unknown}
 h - a potion of haste {unknown}
 i - 2 potions of curing {unknown}

Dungeon Overview and Level Annotations

Branches:
Dungeon (2/15)

Altars:

Annotations:
D:2 Natasha


Message History

Natasha hisses angrily.
You shoot an arrow. The arrow misses Natasha.
You shoot an arrow. The arrow hits Natasha.
Natasha is moderately wounded.
You shoot an arrow. The arrow hits Natasha.
Natasha is severely wounded.
Natasha stares at you and mumbles some strange words.
The magic dart hits you!
Natasha mumbles some strange words.
You shoot an arrow. The arrow hits Natasha.
Natasha is severely wounded.
The cerulean imp barely misses you.
You shoot an arrow. The arrow closely misses Natasha.
Natasha misses you. The cerulean imp barely misses you.
You shoot an arrow. The arrow hits Natasha.
Natasha is almost dead.
Natasha barely misses you. The cerulean imp closely misses you.
You shoot an arrow. The arrow closely misses Natasha.
Natasha claws you.
The cerulean imp hits you from afar with a +1 spear.
You shoot an arrow.
The arrow hits Natasha but does no damage.
Natasha is almost dead.
Natasha mumbles some strange words.
The cerulean imp hits you from afar with a +1 spear.
Natasha casts a spell.
Enter note:
Enter note: You shoot an arrow.
The arrow barely misses Natasha.
The cerulean imp misses you.
Natasha stares at you and mumbles some strange words.
You easily resist.
The cerulean imp hits you with a +0 spear.
The cerulean imp hits you from afar with a +1 spear.
You shoot an arrow.
The arrow hits Natasha but does no damage.
Natasha is almost dead.
Natasha misses you.
The cerulean imp hits you with a +0 spear.
You die...

...# #.###.... ##.# #P.P~ ~~.
...#.### #.# PP~~ 7~! ... # #.#
#.P~777~~ #.### #.# .## .~~~7P~
#.... #.# ... .P~5~ ##..# #.#
#..# 5.P #..# #)#
#..#######h######. #.)#
#.####.........@5......######.[#
#.##.....######.#####...........
#.##.....######.######.######...
#............>.........# #.##
####.....######)######.. ...##
#.....# #.# #####. ###.### #.#
#. #.########.# #. #.....(....#
##


You could see Natasha and 3 cerulean imps.

Vanquished Creatures
  Natasha (D:2)
  3 gnolls (D:2)
  A dart slug (D:1)
  A bat (D:1)
  2 endoplasms (D:1)
  2 giant cockroaches (D:1)
  2 goblins (D:1)
  6 hobgoblins
  2 jackals (D:1)
  2 quokkas (D:1)
  3 ball pythons
  A kobold (D:2)
  4 rats
30 creatures vanquished.

Notes
Turn   | Place    | Note
-------+----------+-------------------------------------------
     0 | D:1      | qw the Spriggan Hunter began the quest for the Orb.
     0 | D:1      | Reached XP level 1. HP: 10/10 MP: 2/2
     0 | D:1      | 0 ||| qw: Version: 0.3-a-158-g18b3111
     0 | D:1      | 0 ||| qw: Game counter: 4224
     0 | D:1      | 0 ||| qw: Melee chars always use a shield: true
     0 | D:1      | 0 ||| qw: God list: Okawaru
     0 | D:1      | 0 ||| qw: Allow faded altars: false
     0 | D:1      | 0 ||| qw: Do Orc after clearing Dungeon:15 true
     0 | D:1      | 0 ||| qw: Do second Lair branch before Depths: true
     0 | D:1      | 0 ||| qw: Lair rune preference: random
     0 | D:1      | 0 ||| qw: Goals: Normal
     0 | D:1      | 0 ||| PLANNING D:1-11
     6 | D:1      | Reached skill level 3 in Dodging
    54 | D:1      | Reached XP level 2. HP: 14/14 MP: 3/3
   383 | D:1      | 383 ||| READING scroll labelled FALASE EVU LUA.
   383 | D:1      | 383 ||| ENCHANTING +0 shortbow.
   384 | D:1      | 384 ||| READING scroll labelled PANTUO DYRI.
   384 | D:1      | 384 ||| IDENTIFYING purple potion
   385 | D:1      | 385 ||| DROPPING scroll of butterflies.
   386 | D:1      | 386 ||| DROPPING potion of berserk rage.
   497 | D:2      | Noticed Natasha
   502 | D:2      | Killed Natasha
   503 | D:2      | Reached XP level 3. HP: 8/18 MP: 4/4
   653 | D:2      | Reached skill level 5 in Ranged Weapons
   658 | D:2      | Reached XP level 4. HP: 22/22 MP: 5/5
   799 | D:2      | Noticed Natasha
   812 | D:2      | HP: 5/22 [cerulean imp/+1 spear[Natasha] (5)]
   813 | D:2      | HP: 1/22 [cerulean imp/+1 spear[Natasha] (3)]
   814 | D:2      | Slain by a cerulean imp

Levels and vault maps discovered:
D:1:      eino_arrival_druids_welcome, layout_rooms, kennysheep_small_spiral
D:2:      layout_loops_ring, dk_noncrumbling_2, serial_bayou_pond_c,
          fountainhead, uniq_natasha

Skill      XL: |  1  2  3 |
---------------+----------+-----
Dodging        | 3 4 |  4.6
Ranged Weapons | 5 |  5.0
Fighting       | |  1.5
Stealth        | |  1.5

Action                     |  1- 3 |  4- 6 || total
---------------------------+-------+-------++-------
   Fire: Shortbow          |    66 |    23 ||    89
    Use: Scroll            |     2 |       ||     2
 Armour: Robe              |     4 |     7 ||    11
  Dodge: Dodged            |    23 |     8 ||    31

Table legend:
 A = Non-vault XP
 B = Vault XP
 C = Vault XP percentage of total XP
 D = Non-vault monster count
 E = Vault monster count
 F = Vault count percentage of total count
                 A         B        C        D         E       F
            +---------+---------+-------+---------+---------+-------
      Total |      89 |      37 |  29.4 |      29 |       1 |   3.3
            +---------+---------+-------+---------+---------+-------
        D:1 |      37 |       0 |   0.0 |      19 |       0 |   0.0
        D:2 |      52 |      37 |  41.6 |      10 |       1 |   9.1
            +---------+---------+-------+---------+---------+-------
